 Dungeon Crawl Stone Soup version 0.19.5 (webtiles) character file.

1151 Kosschaser the Grappler (level 8, -1/75 HPs)
             Began as a Troll Berserker on May 25, 2017.
             Was a Priest of Trog.
             Succumbed to an orc wizard's poison
             ... on level 5 of the Dungeon.
             The game lasted 00:10:46 (3238 turns).

Kosschaser the Grappler (Troll Berserker)           Turns: 3238, Time: 00:10:47

Health: -1/75      AC:  5    Str: 32 (33) XL:     8   Next: 15%
Magic:  7/7        EV: 10    Int:  6 (8)  God:    Trog [***...]
Gold:   277        SH:  0    Dex:  6 (9)  Spells: 0 memorised, 7 levels left

rFire  . . .     SeeInvis .       - Unarmed
rCold  . . .     Gourm    +     a - +0 animal skin
rNeg   . . .     Faith    .     (no shield)
rPois  .         Spirit   .     (helmet restricted)
rElec  .         Reflect  .     (no cloak)
rCorr  .         Harm     .     (gloves unavailable)
MR     ++...                    (boots unavailable)
Stlth  +.........               (no amulet)
                                (no ring)
                                (no ring)

@: mighty, brilliant, lethally poisoned (-1 -> -5), exhausted, regenerating,
slowed, very slow
A: unfitting armour, claws 3, fast metabolism 3, gourmand, regeneration 1,
shaggy fur 1, tough skin 2
a: Berserk, Trog's Hand, Burn Spellbooks, Renounce Religion


You were on level 5 of the Dungeon.
You worshipped Trog.
Trog was most pleased with you.
You were very full.

You visited 1 branch of the dungeon, and saw 6 of its levels.

You collected 277 gold pieces.

Inventory:

Armour
 a - a +0 animal skin (worn)
Jewellery
 x - an uncursed ring of poison resistance {unknown}
Wands
 w - a wand of iceblast (10/15)
Scrolls
 c - 5 scrolls of remove curse {unknown}
 f - 6 scrolls of identify {unknown}
 h - a scroll of enchant armour {unknown}
 i - a scroll of recharging {unknown}
 k - a scroll of noise {unknown}
 l - 3 scrolls of teleportation {unknown}
 m - a scroll of random uselessness {unknown}
 p - 3 scrolls of amnesia {unknown}
 r - 2 scrolls of enchant weapon {unknown}
 y - a scroll of fog {unknown}
Potions
 e - a potion of haste {unknown}
 j - a potion of heal wounds {unknown}
 n - a potion of agility {unknown}
 o - a potion of brilliance
 q - a potion of curing {unknown}
 s - 2 potions of might
 t - 2 potions of degeneration
 z - a potion of invisibility {unknown}
 A - a potion of berserk rage {unknown}
Comestibles
 b - 5 bread rations
 d - 2 royal jellies
 g - 4 meat rations
 u - a beef jerky
 v - 5 fruits
 B - a chunk of flesh


   Skills:
 + Level 3.5 Fighting
 + Level 4.6 Dodging
 + Level 1.3 Stealth
 + Level 8.0 Unarmed Combat


You had 7 spell levels left.
You didn't know any spells.

Dungeon Overview and Level Annotations

Branches:
Dungeon (6/15)             Temple (0/1) D:6

Altars:
Gozag
Kikubaaqudgha

Annotations:
D:5 McKennaii's ghost, novice DEFE


Innate Abilities, Weirdness & Mutations

You are too large for most types of armour.
You have claws for hands.
Your metabolism is lightning-fast.
You like to eat raw meat.
Your natural rate of healing is unusually fast.
You are covered in fur. (AC +1)
You have very tough skin. (AC +2)


Message History

* * * LOW HITPOINT WARNING * * *
You closely miss the orc.
* * * LOW HITPOINT WARNING * * *
You feel very sick. The orc completely misses you. The orc misses you.
It was a potion of might.
You feel very mighty all of a sudden.
* * * LOW HITPOINT WARNING * * *
You feel very sick. The orc barely misses you.
It was a potion of degeneration.
There was something very wrong with that liquid.
You feel weakened.
You feel dopey.
You feel clumsy.
* * * LOW HITPOINT WARNING * * *
You feel very sick. The orc hits you with a trident.
* * * LOW HITPOINT WARNING * * *
It was a potion of brilliance.
You feel clever all of a sudden.
You die...

#o# #W# ....#.##.## #.#
#.......... ##.#
.#.......... #..#
.#...<......# #.##
#.#..........# ####.##
#..#.....(....# #.....#
##.##...o......##
#...).####....))@.........
#.....((((.###[)).......#
#.....####(# #..........#
#.....# #.# #......)...#
#.....# #.# #####>##.###
#.....# #.# #.# # #.....#
##.# #.. #.....###..# ..#.
#######>..## ..###


You could see an orc.

Vanquished Creatures
  The ghost of wewlad1 the Cudgeler, a novice MiFi of Okawaru (D:6)
  A slave (D:5)
  A black bear (D:6)
  2 ogres
  2 centaurs
  An orc priest (D:5)
  3 orc wizards
  An iguana (D:6)
  A worker ant (D:4)
  3 adders
  An ooze (D:4)
  2 adder skeletons
  A worm (D:4)
  5 dart slugs
  3 leopard geckos
  7 orcs
  8 bats
  2 giant cockroaches
  5 goblins
  9 hobgoblins
  7 jackals
  A quokka (D:4)
  A ball python (D:3)
  9 frilled lizards
  9 kobolds
  9 rats
95 creatures vanquished.

Notes
Turn   | Place    | Note
-------+----------+-------------------------------------------
     0 | D:1      | Kosschaser the Troll Berserker began the quest for the Orb.
     0 | D:1      | Reached XP level 1. HP: 22/22 MP: 0/0
    69 | D:1      | Reached XP level 2. HP: 29/29 MP: 1/1
   298 | D:1      | Reached XP level 3. HP: 36/36 MP: 2/2
   336 | D:1      | Reached ** piety under Trog
   701 | D:2      | Found an ancient bone altar of Kikubaaqudgha.
  1138 | D:2      | Reached skill level 4 in Unarmed Combat
  1287 | D:2      | You fall through a shaft for 2 floors!
  1310 | D:4      | Reached XP level 4. HP: 44/44 MP: 3/3
  1584 | D:4      | Noticed an ogre
  1588 | D:4      | Killed an ogre
  1588 | D:4      | Reached skill level 5 in Unarmed Combat
  1588 | D:4      | Reached XP level 5. HP: 53/53 MP: 4/4
  1670 | D:4      | Found an opulent altar of Gozag.
  2235 | D:3      | Reached XP level 6. HP: 58/61 MP: 5/5
  2368 | D:3      | Reached *** piety under Trog
  2845 | D:5      | Entered Level 5 of the Dungeon
  2930 | D:5      | Noticed McKennaii's ghost (novice DEFE)
  2931 | D:5      | Noticed a slave
  2956 | D:6      | Reached skill level 6 in Unarmed Combat
  3109 | D:6      | Reached XP level 7. HP: 59/67 MP: 6/6
  3126 | D:6      | Found a staircase to the Ecumenical Temple.
  3154 | D:6      | Noticed wewlad1's ghost (novice MiFi)
  3161 | D:6      | Killed wewlad1's ghost
  3161 | D:6      | Reached skill level 1 in Stealth
  3161 | D:6      | Reached skill level 7 in Unarmed Combat
  3161 | D:6      | Reached XP level 8. HP: 75/75 MP: 7/7
  3229 | D:5      | Reached skill level 8 in Unarmed Combat
  3237 | D:5      | HP: 3/75 [poisoned by an orc wizard]
  3237 | D:5      | HP: 1/75 [orc/trident (2)]
  3238 | D:5      | Succumbed to an orc wizard's poison

Skill      XL: |  1  2  3  4  5  6  7  8 |
---------------+-------------------------+-----
Dodging        | 3 4 |  4.6
Unarmed Combat | 4 5 6 7 8 |  8.0
Fighting       | 3 |  3.5
Stealth        | 1 |  1.3

Action                   |  1- 3 |  4- 6 |  7- 9 || total
-------------------------+-------+-------+-------++-------
Melee: Unarmed           |   104 |   111 |    36 ||   251
       Punch             |       |     4 |       ||     4
Invok: Berserk           |       |     2 |     2 ||     4
       Trog's Hand       |       |       |     2 ||     2
  Use: Potion            |       |       |     3 ||     3
 Stab: Sleeping          |       |     1 |       ||     1
  Eat: Chunk             |    14 |    18 |     4 ||    36
       Beef jerky        |     1 |       |       ||     1
Armor: Animal skin       |    36 |    30 |    12 ||    78
Dodge: Dodged            |    53 |    62 |    21 ||   136
